Cogmind - Beta 15 *** ADVENTURER MODE // 2025.05.14 @ 23:32:53 Player: Jack Result: Destroyed by G-47 Trooper with Particle Gun Performance ------------- Evolutions (2) 1000 Regions Visited (8) 1600 Robots Destroyed (17) 85 Value Destroyed (289) 289 Prototype IDs (24) 480 Alien Tech Used (0) 0 Bonus (500) 500 TOTAL SCORE: 3954 Bonus ------- Entered Garrisons 200 Aligned with FarCom 300 Cogmind --------- Core Integrity 0/550 Matter 300/300 Energy 99/100 System Corruption 7% Temperature Cool (9) Movement Core (50) Location -8/Garrison Parts ------- > --- POWER (1) -------- (None) > --- PROPULSION (4) --- (None) > --- UTILITY (4) ------ (None) > --- WEAPON (2) ------- (None) > --- INVENTORY (5) ---- Particle Gun Assault Rifle Assault Rifle Mace Peak State ------------ > --- POWER ------------ (None) > --- PROPULSION ------- Flight Unit Cesium-ion Thruster > --- UTILITY ---------- Improved Heat Sink Thief Drone Bay > --- WEAPON ----------- Particle Gun Mace > --- INVENTORY -------- Assault Rifle Assault Rifle [Rating: 18] Favorites ----------- Power Light Ion Engine Engine Light Ion Engine Propulsion Flight Unit Treads Light Treads Leg Aluminum Leg Flight Unit Flight Unit Utility Improved Heat Sink Device Improved Heat Sink Protection Light Armor Plating Weapon Assault Rifle Energy Gun Particle Gun Ballistic Gun Assault Rifle Impact Weapon Mace Build | -11 -10 -10 -9 -9 -9 -8 -8 -8 ------- Run | Yrd Mat Min Mat Min Exi Min Mat Gar Slots Evolved 4 | . . . 2 . . . 2 . Power . | . . . . . . . . . Propulsion 2 | . . . 1 . . . 1 . Utility 2 | . . . 1 . . . 1 . Weapon . | . . . . . . . . . Parts Attached 23 | . . 4 . 1 . 3 2 13 Power 1 | . . . . . . . 1 . Engine 1 | . . . . . . . 1 . Core . | . . . . . . . . . Reactor . | . . . . . . . . . Propulsion 13 | . . 2 . . . 2 1 8 Treads 2 | . . . . . . . . 2 Leg 1 | . . . . . . . . 1 Wheel . | . . . . . . . . . Hover . | . . . . . . . . . Flight 10 | . . 2 . . . 2 1 5 Utility 3 | . . . . 1 . . . 2 Device 2 | . . . . 1 . . . 1 Storage . | . . . . . . . . . Processor . | . . . . . . . . . Hackware . | . . . . . . . . . Protection 1 | . . . . . . . . 1 Artifact . | . . . . . . . . . Weapon 6 | . . 2 . . . 1 . 3 Energy Gun 2 | . . . . . . . . 2 Energy Cannon . | . . . . . . . . . Ballistic Gun 3 | . . 2 . . . 1 . . Ballistic Cannon . | . . . . . . . . . Launcher . | . . . . . . . . . Special Weapon . | . . . . . . . . . Impact Weapon 1 | . . . . . . . . 1 Slashing Weapon . | . . . . . . . . . Piercing Weapon . | . . . . . . . . . Special Melee Weapon . | . . . . . . . . . Unidentified Prototypes 1 | . . . . 1 . . . . Parts Lost 12 | . . . . . . 1 . 11 Power 1 | . . . . . . . . 1 Propulsion 8 | . . . . . . 1 . 7 Utility 2 | . . . . . . . . 2 Weapon 1 | . . . . . . . . 1 Highest Loss Streak 5 | . . . . . . 1 . 5 To Critical Strikes . | . . . . . . . . . Average Backups 3 | 1 3 2 3 3 4 3 4 4 Power . | . . . 1 1 1 1 1 . Propulsion . | . . . . . . . 1 . Utility . | . . . . . 1 1 1 . Weapon 2 | 1 3 2 2 2 2 1 1 3 Tool/Special . | . . . . . . . . . Unused Backups 1 | . . . . . . . . 1 Power . | . . . . . . . . . Propulsion 1 | . . . . . . . . 1 Utility . | . . . . . . . . . Weapon . | . . . . . . . . . Tool/Special . | . . . . . . . . . Average Slot Usage (%) 38 | . . 4 33 33 33 42 54 51 Treads 4 | . . . . . . . . 9 Leg 2 | . . . . . . . . 5 Flight 12 | . . . 22 22 22 24 36 7 Device 3 | . . . . . . . . 7 Protection 2 | . . . . . . . . 5 Energy Gun 5 | . . . . . . . . 12 Ballistic Gun 6 | . . 3 11 11 11 17 18 1 Peak Build Rating 18 | . . 4 3 10 4 6 8 18 Average Rating 6 | . . . 3 3 4 4 7 10 On Entrance 3 | . . . 4 3 4 4 6 8 Naked Turns 210 | . 37 128 . . . . . 45 Heaviest Build 12 | . . 4 2 2 2 3 6 12 Greatest Support 40 | 3 3 8 8 8 8 12 16 40 Greatest Overweight (x) 1 | . . 1 . . . . . 1 Average Overweight (x) . | . . . . . . . . . Largest Inventory Capacity 5 | 5 5 5 5 5 5 5 5 5 Average Capacity 5 | 5 5 5 5 5 5 5 5 5 Most Carried 5 | 3 3 3 3 4 4 5 5 5 Average Carried 3 | 1 3 2 3 3 4 3 4 4 Final Capacity 5 | 5 5 5 5 5 5 5 5 5 Final Carried 5 | 3 3 2 3 4 4 5 5 4 Class Distribution -------------------- 57% | Mutant 34% | Scavenger-Mutant 7% | Scavenger-Sprinter Dominant Class ---------------- Mutant | -10/Materials Mutant | -10/Mines Mutant | -9/Materials Mutant | -9/Mines Mutant | -9/Exiles Mutant | -8/Mines Scavenger-Sprinter | -8/Materials Scavenger-Mutant | -8/Garrison Resources | -11 -10 -10 -9 -9 -9 -8 -8 -8 ----------- Run | Yrd Mat Min Mat Min Exi Min Mat Gar Matter Collected 523 | 60 . 82 . 126 . 31 56 168 Remotely . | . . . . . . . . . Salvage Created 421 | . . 42 . . . 86 56 237 Parts 39 | . . 6 . . . 11 8 14 Haulers Intercepted . | . . . . . . . . . Recyclers Shooed . | . . . . . . . . . Parts Field Recycled . | . . . . . . . . . Retrieved Matter . | . . . . . . . . . Parts Self-Destructed . | . . . . . . . . . Prevented . | . . . . . . . . . Kills | -11 -10 -10 -9 -9 -9 -8 -8 -8 ------- Run | Yrd Mat Min Mat Min Exi Min Mat Gar Combat Hostiles Destroyed 18 | . . 3 . . . 6 . 9 Guns 18 | . . 3 . . . 6 . 9 Classes Destroyed 6 | . . 1 . . . . 2 3 Builder 1 | . . . . . . . 1 . Watcher 1 | . . . . . . . 1 . Swarmer 12 | . . 3 . . . 6 . 3 Grunt 2 | . . . . . . . . 2 Sentry 1 | . . . . . . . . 1 Assembled 3 | . . . . . . . . 3 Best Kill Streak 8 | . . 3 . . . 6 8 3 Combat Bots Only 6 | . . 3 . . . 6 . 3 Max Kills in Single Turn 1 | . . 1 . . . 1 1 1 Gunslinging . | . . . . . . . . . Exploded . | . . . . . . . . . Melee . | . . . . . . . . . Uniques/NPCs Destroyed . | . . . . . . . . . Combat | -11 -10 -10 -9 -9 -9 -8 -8 -8 -------- Run | Yrd Mat Min Mat Min Exi Min Mat Gar Hostile Shots Fired 211 | . . 11 8 3 . 41 . 148 Missed 83 | . . 2 6 2 . 19 . 54 Hits 128 | . . 9 2 1 . 22 . 94 Melee 5 | . . . . . . . . 5 Projectile 123 | . . 9 2 1 . 22 . 89 AOE 2 | . . . . . . 2 . . Part Disruptions 1 | . . . . . . . . 1 Damage Taken 1337 | . . 74 22 7 . 236 . 998 Core 699 | . . 50 22 . . 76 . 551 Absorbed by Shields 17 | . . . . . . . . 17 Ignored by Resistances 394 | . . 24 6 2 . 71 . 291 Core Remaining (%) 85 | 100 . 80 . . . 75 . . Volleys Fired 50 | . . 5 . . . 11 2 32 Largest 2 | . . 2 . . . 2 2 2 Hottest 121 | . . 40 . . . 40 40 121 Shots Fired 90 | . . 10 . . . 22 4 54 Gun 90 | . . 10 . . . 22 4 54 Cannon . | . . . . . . . . . Launcher . | . . . . . . . . . Special . | . . . . . . . . . Kinetic 55 | . . 10 . . . 22 4 19 Thermal 35 | . . . . . . . . 35 Explosive . | . . . . . . . . . Electromagnetic . | . . . . . . . . . Robot Hit Streak 38 | . . 7 . . . 12 15 38 Robot Miss Streak 4 | . . 1 . . . 2 . 4 Penetration Max . | . . . . . . . . . Secondary Targets 6 | . . . . . . 4 . 2 Max Gunslinging Chain 1 | . . . . . . 1 . 1 Shots Hit Robots 66 | . . 8 . . . 17 3 38 Core Hits 30 | . . 3 . . . 6 3 18 Critical Kills . | . . . . . . . . . Critical Parts Destroyed . | . . . . . . . . . Critical Strikes . | . . . . . . . . . Melee Attacks 4 | . . . . . . . . 4 Impact 4 | . . . . . . . . 4 Slashing . | . . . . . . . . . Piercing . | . . . . . . . . . Sneak Attacks . | . . . . . . . . . Combat Hostiles . | . . . . . . . . . Follow-up Attacks . | . . . . . . . . . Damage Inflicted 812 | . . 100 . . . 176 34 502 Guns 798 | . . 100 . . . 176 34 488 Cannons . | . . . . . . . . . Explosions . | . . . . . . . . . Melee . | . . . . . . . . . Ramming 14 | . . . . . . . . 14 Kinetic 500 | . . 100 . . . 176 34 190 Thermal 298 | . . . . . . . . 298 Explosive . | . . . . . . . . . Electromagnetic . | . . . . . . . . . Impact . | . . . . . . . . . Slashing . | . . . . . . . . . Piercing . | . . . . . . . . . Highest Corruption 7 | . . . . . . . . 7 Average Corruption 7 | . . . . . . . . 7 Corruption Purged . | . . . . . . . . . Corruption Blocked . | . . . . . . . . . Effects 1 | . . . . . . . . 1 Matter Fused 1 | . . . . . . . . 1 Overload Shots . | . . . . . . . . . Overflow Damage . | . . . . . . . . . Projectiles . | . . . . . . . . . Explosions . | . . . . . . . . . Melee . | . . . . . . . . . Knockbacks . | . . . . . . . . . Impact . | . . . . . . . . . Kinetic . | . . . . . . . . . Secondary . | . . . . . . . . . Self-Inflicted Damage 6 | . . . . . . . . 6 Shots . | . . . . . . . . . Rammed 3 | . . . . . . . . 3 Targets Rammed 3 | . . . . . . . . 3 Kicked . | . . . . . . . . . Crushed . | . . . . . . . . . Highest Temperature 144 | . . . . . . 5 1 144 Average Temperature 55 | . . . . . . 4 1 59 Received Heat Transfer 635 | . . 30 18 . . 60 . 527 Siege Activations . | . . . . . . . . . Martial Activations . | . . . . . . . . . Shielding Activations . | . . . . . . . . . Robots Disrupted . | . . . . . . . . . Combat Hostiles . | . . . . . . . . . Robots Corrupted . | . . . . . . . . . Combat Hostiles . | . . . . . . . . . Parts Fried . | . . . . . . . . . Impact Corruptions . | . . . . . . . . . Robots Melted . | . . . . . . . . . Combat Hostiles . | . . . . . . . . . Parts Melted . | . . . . . . . . . Heat Transferred 662 | . . . . . . . . 662 Parts Sabotaged . | . . . . . . . . . Parts Stolen . | . . . . . . . . . Parts Stripped . | . . . . . . . . . Power Chain Reactions . | . . . . . . . . . Alert | -11 -10 -10 -9 -9 -9 -8 -8 -8 ------- Run | Yrd Mat Min Mat Min Exi Min Mat Gar Maximum Alert Level 1 | . . . . . . . . 1 Low Security (%) 74 | 100 100 100 100 100 . 100 100 52 Level 1 25 | . . . . . . . . 47 Level 2 . | . . . . . . . . . Level 3 . | . . . . . . . . . Level 4 . | . . . . . . . . . Level 5 . | . . . . . . . . . High Security . | . . . . . . . . . Max Security . | . . . . . . . . . Peak Influence 297 | . 6 60 19 6 . 110 113 297 Initial 57 | . . . 19 6 . . 36 57 Average 122 | . 2 14 19 . . 36 73 217 Influence Increases 643 | . 6 100 . . . 140 87 310 Destroy 0b10 Robot/C 300 | . . 60 . . . 120 . 120 Destroy 0b10 Robot/NC 10 | . . . . . . . 10 . Destroy Leader 42 | . . 10 . . . 20 2 10 Successful Hack 6 | . 6 . . . . . . . Anti-Garrison Action 150 | . . . . . . . . 150 Lose Combat Pursuer 135 | . . 30 . . . . 75 30 Influence Decreases 446 | . 6 40 41 19 . 30 94 216 Entered New Map 174 | . . . 41 13 . . 74 46 Time Decay 92 | . 6 40 . 6 . 20 20 . Lost Part 120 | . . . . . . 10 . 110 Lost Ally 60 | . . . . . . . . 60 Squads Dispatched . | . . . . . . . . . Investigation . | . . . . . . . . . Extermination . | . . . . . . . . . Reinforcement . | . . . . . . . . . Assault . | . . . . . . . . . Garrison . | . . . . . . . . . Intercept . | . . . . . . . . . Searches Triggered . | . . . . . . . . . Construction Impeded . | . . . . . . . . . Haulers Reinforced . | . . . . . . . . . Active Scanning Responses . | . . . . . . . . . Cargo Convoy Interrupts . | . . . . . . . . . Stealth | -11 -10 -10 -9 -9 -9 -8 -8 -8 --------- Run | Yrd Mat Min Mat Min Exi Min Mat Gar Distress Signals 1 | . . . . . . . 1 . Communications Jammed . | . . . . . . . . . Distress Signals . | . . . . . . . . . Times Spotted 94 | . 1 5 8 3 . 9 . 68 Peak Tracking Total 22 | . 1 3 7 3 . 6 7 22 Tactical Retreats 6 | . . 1 . . . . 2 3 Traps | -11 -10 -10 -9 -9 -9 -8 -8 -8 ------- Run | Yrd Mat Min Mat Min Exi Min Mat Gar Traps Triggered 1 | . . . . . . . . 1 Indirectly . | . . . . . . . . . Trap Hack Attempts . | . . . . . . . . . Triggered . | . . . . . . . . . Disarmed . | . . . . . . . . . Reprogrammed . | . . . . . . . . . Reused . | . . . . . . . . . Traps Extracted . | . . . . . . . . . Installed . | . . . . . . . . . Triggered . | . . . . . . . . . Machines | -11 -10 -10 -9 -9 -9 -8 -8 -8 ---------- Run | Yrd Mat Min Mat Min Exi Min Mat Gar Machines Disabled . | . . . . . . . . . Max in Single Turn . | . . . . . . . . . Machines Repaired . | . . . . . . . . . Machines Dismantled . | . . . . . . . . . Machines Sabotaged . | . . . . . . . . . Overloaded Fab Kills . | . . . . . . . . . Hacking | -11 -10 -10 -9 -9 -9 -8 -8 -8 --------- Run | Yrd Mat Min Mat Min Exi Min Mat Gar Machines Accessed 9 | . 1 . . 1 5 . 1 1 Terminals 2 | . 1 . . . . . . 1 Fabricators . | . . . . . . . . . Repair Stations . | . . . . . . . . . Recycling Units . | . . . . . . . . . Scanalyzers . | . . . . . . . . . Garrison Access 1 | . . . . . . . 1 . Total Hacks 58 | . 2 . . 1 50 . 3 2 Successful 53 | . 1 . . 1 50 . 1 . Failed 5 | . 1 . . . . . 2 2 Catastrophic 1 | . . . . . . . . 1 Database Lockouts . | . . . . . . . . . Manual 3 | . . . . . 1 . . 2 Terminals 4 | . 2 . . . . . . 2 Fabricators . | . . . . . . . . . Repair Stations . | . . . . . . . . . Recycling Units . | . . . . . . . . . Scanalyzers . | . . . . . . . . . Garrison Access 3 | . . . . . . . 3 . Terminal Hacks 52 | . 1 . . 1 50 . . . Record 49 | . . . . . 49 . . . Open Door 1 | . . . . 1 . . . . Branch Access Points 1 | . 1 . . . . . . . Proto ID Catalog 1 | . . . . . 1 . . . Fabricator Hacks . | . . . . . . . . . Repair Station Hacks . | . . . . . . . . . Recycling Unit Hacks . | . . . . . . . . . Scanalyzer . | . . . . . . . . . Garrison Access Hacks 1 | . . . . . . . 1 . Unlock Access 1 | . . . . . . . 1 . Unauthorized Hacks . | . . . . . . . . . Terminals . | . . . . . . . . . Fabricators . | . . . . . . . . . Repair Stations . | . . . . . . . . . Recycling Units . | . . . . . . . . . Scanalyzers . | . . . . . . . . . Garrison Access . | . . . . . . . . . Data Cores Recovered . | . . . . . . . . . Used . | . . . . . . . . . Hacking Detections 3 | . 1 . . . . . 1 1 Full Trace Events 1 | . . . . . . . . 1 Feedback Events . | . . . . . . . . . Feedback Blocked . | . . . . . . . . . Robot Schematics Acquired . | . . . . . . . . . Robots Built . | . . . . . . . . . Authchips . | . . . . . . . . . Time . | . . . . . . . . . Total Robot Build Rating . | . . . . . . . . . Part Schematics Acquired . | . . . . . . . . . Parts Built . | . . . . . . . . . Authchips . | . . . . . . . . . Time . | . . . . . . . . . Total Part Build Rating . | . . . . . . . . . Parts Repaired . | . . . . . . . . . Time . | . . . . . . . . . Parts Recycled . | . . . . . . . . . Recycled Matter . | . . . . . . . . . Retrieved Matter . | . . . . . . . . . Retrieved Components . | . . . . . . . . . Parts Scanalyzed . | . . . . . . . . . Part Schematics Acquired . | . . . . . . . . . Parts Damaged . | . . . . . . . . . Bothacking | -11 -10 -10 -9 -9 -9 -8 -8 -8 ------------ Run | Yrd Mat Min Mat Min Exi Min Mat Gar Used RIF Installer . | . . . . . . . . . Robots Hacked . | . . . . . . . . . Non-combat . | . . . . . . . . . Combat . | . . . . . . . . . Robot Hacks Applied . | . . . . . . . . . Relay Couplers Released 4 | . . . . . . . . 4 Programmers 4 | . . . . . . . . 4 Fabnet Peak Effective % . | . . . . . . . . . Robots Rewired . | . . . . . . . . . Allies Hacked . | . . . . . . . . . Hacks Repelled . | . . . . . . . . . Allies | -11 -10 -10 -9 -9 -9 -8 -8 -8 -------- Run | Yrd Mat Min Mat Min Exi Min Mat Gar Total Allies . | . . . . . . . . . Largest Group . | . . . . . . . . . Highest-Rated Group . | . . . . . . . . . Highest-Rated Ally . | . . . . . . . . . Total Orders . | . . . . . . . . . Ally Attacks 10 | . . . . . . . . 10 Total Damage 44 | . . . . . . . . 44 Kills 1 | . . . . . . . . 1 Allies Corrupted 1 | . . . . . . . . 1 Allies Melted 1 | . . . . . . . . 1 Intel | -11 -10 -10 -9 -9 -9 -8 -8 -8 ------- Run | Yrd Mat Min Mat Min Exi Min Mat Gar Active Infowar (turns) . | . . . . . . . . . Robot Analysis Total . | . . . . . . . . . Derelict Logs Recovered 1 | . . . . 1 . . . . Drone Launches 3 | . . . . . . . . 3 Drone Recoveries . | . . . . . . . . . Exploration | -11 -10 -10 -9 -9 -9 -8 -8 -8 ------------- Run | Yrd Mat Min Mat Min Exi Min Mat Gar Turns Passed 1275 | 15 37 154 17 196 130 73 46 607 Spaces Moved 1937 | 23 73 266 43 466 352 99 94 521 Core 432 | 23 73 254 . . . . . 82 Treads 200 | . . . . . . . . 200 Legs . | . . . . . . . . . Wheels . | . . . . . . . . . Hover . | . . . . . . . . . Flight 1305 | . . 12 43 466 352 99 94 239 Fastest Speed 31 | 50 50 37 37 37 37 34 31 31 Average Speed 52 | 50 50 49 37 37 37 36 31 86 Slowest Speed 160 | 50 50 100 37 37 37 37 31 160 Overloaded Moves . | . . . . . . . . . Propulsion Burnouts . | . . . . . . . . . Robots Hopped 26 | . . . . 6 . 1 . 19 Potential Cave-ins . | . . . . . . . . . Cave-ins Triggered . | . . . . . . . . . Exploration Rate (%) 39 | 4 18 67 13 80 62 41 12 60 Regions Visited 8 Branch Regions 4 Pre-discovered Areas 1 | . . . . . 1 . . . Known Exits Taken 2 | . 1 . . . . . 1 . Unknown Exits Taken 6 | 1 . 1 1 1 1 1 . . Scrap Searched 5 | . . 1 . 3 . 1 . . Spaces Dug 3 | . . . . . . . . 3 Terrain Destroyed 3 | . . . . . . . . 3 Melee 3 | . . . . . . . . 3 Projectile . | . . . . . . . . . AOE . | . . . . . . . . . Terrain Rammed . | . . . . . . . . . Walls Destroyed . | . . . . . . . . . Machines Disabled . | . . . . . . . . . Actions | -11 -10 -10 -9 -9 -9 -8 -8 -8 --------- Run | Yrd Mat Min Mat Min Exi Min Mat Gar Total 2066 | 25 72 276 43 482 351 113 107 597 Wait 50 | . . 1 . 21 . . 7 21 Move 1887 | 22 72 265 42 454 351 96 94 491 Hop 16 | . . . . 5 . 1 . 10 Pick Up 9 | 3 . 1 . . . 2 2 1 Fast Attach 15 | . . 2 . 1 . 2 . 10 Attach 8 | . . 2 . . . 1 2 3 Detach 4 | . . . 1 1 . . . 2 Swap 1 | . . . . . . . . 1 Drop 8 | . . . . . . . . 8 Fire 50 | . . 5 . . . 11 2 32 Melee 4 | . . . . . . . . 4 Ram 3 | . . . . . . . . 3 Kick . | . . . . . . . . . Crush . | . . . . . . . . . Escape Stasis 11 | . . . . . . . . 11 Rewire . | . . . . . . . . . Trap . | . . . . . . . . . Miscellaneous . | . . . . . . . . . Route ------- -11/Scrapyard -10/Materials (discovered 2 exits: *Min x2) -10/Mines -9/Materials (discovered 2 exits: *Min / [*Sto]) -9/Mines (discovered 3 exits: *Mat x2 / *Exi) -9/Exiles -8/Mines -8/Materials -8/Garrison (discovered 3 exits: [*Mat x3]) History --------- Turn | Location | Event 7 | -11/Scrapyard | Discovered new exit (range 16) 16 | -11/Scrapyard | Entered Materials 21 | -10/Materials | Identified exit to Mines 53 | -10/Materials | Entered Mines 70 | -10/Mines | Received a Rocket Launcher from a helpful Derelict 178 | -10/Mines | Discovered new exit (range 7) 207 | -10/Mines | Entered Materials 207 | -9/Materials | Evolved 2 slots: Propulsion x1, Utility x1 218 | -9/Materials | Discovered new exit (range 16) 220 | -9/Materials | Discovered new exit (range 8) 224 | -9/Materials | Entered Mines 244 | -9/Mines | Discovered new exit (range 8) 261 | -9/Mines | YI-UF0 nonchalantly dropped a Grenade Launcher on the ground 304 | -9/Mines | Build established: Mutant 324 | -9/Mines | Discovered new exit (range 7) 358 | -9/Mines | Found the Drone Emporium 368 | -9/Mines | Found Prototype Device 368 | -9/Mines | Identified Thief Drone Bay 417 | -9/Mines | Deemed a non-threat by the Exiles lab entrance 418 | -9/Mines | Discovered new exit (range 5) 420 | -9/Mines | Entered Exiles 430 | -9/Exiles | Met 8R-AWN 436 | -9/Exiles | Met EX-HEX 448 | -9/Exiles | Met EX-BIN 453 | -9/Exiles | Aligned with FarCom system 453 | -9/Exiles | Given EX-Vault access code 462 | -9/Exiles | Opened EX-Vault 472 | -9/Exiles | Warned to stay clear of 0b10 Research branches 483 | -9/Exiles | Met EX-DEC 485 | -9/Exiles | Learned location of Zion (-6) 547 | -9/Exiles | Discovered new exit (range 10) 550 | -9/Exiles | Entered Mines 616 | -8/Mines | Discovered new exit (range 9) 623 | -8/Mines | Entered Materials 623 | -8/Materials | Evolved 2 slots: Propulsion x1, Utility x1 669 | -8/Materials | Identified exit to Garrison 669 | -8/Materials | Entered Garrison 689 | -8/Garrison | Assembled breached garrison interior 773 | -8/Garrison | Lost 4 parts (1p2n1w) 963 | -8/Garrison | Discovered new exit (range 9) 992 | -8/Garrison | Build established: Scavenger-Mutant 1171 | -8/Garrison | Discovered new exit (range 14) 1205 | -8/Garrison | Attempted to access garrison exit controls, blocked by remote lockdown 1230 | -8/Garrison | Core integrity fell below 50% 1243 | -8/Garrison | Core integrity fell below 20% 1259 | -8/Garrison | Discovered new exit (range 10) 1271 | -8/Garrison | Lost 5 parts (4n1u) 1276 | -8/Garrison | Destroyed by G-47 Trooper with Particle Gun Last Messages --------------- System corrupted by crushing effect (+3). Dropped Thief Drone Bay. as-62548 destroyed. System corrupted: Matter fused (-8). Flight Unit destroyed. Slammed into as-08858. Slammed into as-34289. Slammed into as-12673. Acquired Flight Unit. Acquired 7 matter. Acquired 3 matter. Acquired Flight Unit. Flight Unit destroyed. as-05045 triggered Stasis Trap. A bubble of rippling energy engulfs the area. Field strength at 93. Field strength at 86. Field strength at 79. Field strength at 72. EXIT=FOUND Map ----- +----------------------------------------------------+ | ?????????????????????????????????? | | ?????????????????????????????????? | | ?????????????????????????????????? | | ?????????????????????????????????? | | ?????????????????????????????????? | | ?????????????????????????????????? | | ??????????????????????############ | | ??????????????????????# | | ??????????????????????# | | ??????????????????????# ######### | | ??????????????????????# #???????? | | ??????????????????????# #???????? | | ??????????????????????# #???????? | | ??????????????????????# #???????? | | ??????????????????????# #???????? | | ??????????????????????# #???????? | | ??????????????????????# #???????? | | ??????????????????????# ###?????? | | ????????####??????????# #?????? | | ????????# ??????????# < #?????? | | ????????# #??????????# #?????? | | ??????### #??????????# ###?????? | | ??????#"# ###????????# #???????? | | ??????#" g#????????# #???????? | | ??????#" g#????????# #???????? | | ??????#" @ g#????????# #???????? | | ??????#"# ###??#####?# #???????? | | ????????# #????#gg #?# #???????? | | ????????# ###### ### #???????? | | ????????# %% #???????? | | ????????# #???????? | | ????????##################???????? | | ?????????????????????????????????? | | ?????????????????????????????????? | | ?????????????????????????????????? | | ?????????????????????????????????? | | ?????????????????????????????????? | | ?????????????????????????????????? | | ?????????????????????????????????? | | ?????????????????????????????????? | | ?????????????????????????????????? | | ?????????????????????????????????? | | | | | | | | | | | | | | | | | +----------------------------------------------------+ Best States ------------- Heat Dissipation 45 Energy Generation 10 Energy Capacity 125 Matter Stores 300 Matter Capacity 300 Sight Range 16 Terrain Scan Density 10 Armor Coverage 150 Resistance: KI 20 Resistance: TH 20 Resistance: EX 20 Resistance: EM 20 Resistance: I 20 Resistance: S 20 Resistance: P 20 Evasion (%) 63 Recoil Reduction 2 Offensive Hacking 10 Item Schematics ----------------- None Robot Schematics ------------------ None Fabricated ------------ Nothing Repaired ---------- Nothing Alien Tech Used ----------------- None Achievements -------------- None Challenges ------------ None Game ------ Seed TeleporterGatlingSpoofer Manual? 0 Play Time 00:19:23 Cumulative 133.6 hours Start 2025.05.14 @ 23:18:32 End 2025.05.14 @ 23:32:53 Sessions 1 Manual Loads 0 Difficulty Adventurer Special Mode None Game No. 150 Rogue 18 Adventurer 121 Explorer 11 Win Type - Total 29 Types 9/0/11/0/4/0/4/1/0/0 Lore% 45 Gallery% 42 Achievement% 64 Wizard Run 0 Options --------- Layout 0 ASCII 0 Keyboard 0 Movement Numpad Keybinds 0 Fullscreen 2 Font 12/Smallcaps Map View 83x54 Zoom Use 0% Tactical HUD 0 Map Filters NONE Filters NONE Steam X RUN: d85b9ee4-ca51-437c-a99c-28e9eba377ac